 Dungeon Crawl Stone Soup version 0.27-a0-1612-gde56a17b89 (webtiles) character file.

Game seed: 3691600775470293196

41 Sin92 the Skirmisher (level 3, -7/29 HPs)
             Began as a Demonspawn Fighter on July 22, 2021.
             Mangled by Sigmund (11 damage)
             ... on level 2 of the Dungeon.
             The game lasted 00:03:14 (1454 turns).

Sin92 the Skirmisher (Demonspawn Fighter)           Turns: 1454, Time: 00:03:14

Health: -7/29      AC:  9    Str: 14    XL:     3   Next: 32%
Magic:  2/2        EV:  6    Int:  9    God:
Gold:   109        SH:  0    Dex: 13    Spells: 2/2 levels left

rFire    . . .     SeeInvis .   a - +0 long sword
rCold    . . .     Faith    .   c - +0 kite shield
rNeg     . . .     Spirit   .   b - +0 scale mail
rPois    .         Reflect  .   (no helmet)
rElec    .         Harm     .   g - +0 cloak
rCorr    .         Rampage  .   (no gloves)
Will     .....                  i - +0 pair of boots
Stlth    ..........             (no amulet)
HPRegen  0.09/turn              (no ring)
MPRegen  0.08/turn              (no ring)

@: confused, flying
A: powered by death 1, low mp 1, weak 1
a: no special abilities


You were on level 2 of the Dungeon.
You visited 1 branch of the dungeon, and saw 2 of its levels.

You collected 109 gold pieces.

Inventory:

Hand Weapons
 a - a +0 long sword (weapon)
Armour
 b - a +0 scale mail (worn)
 c - a +0 kite shield (worn)
 g - a +0 cloak (worn)
 i - a +0 pair of boots (worn)
Scrolls
 f - a scroll of noise {unknown}
 j - a scroll of enchant armour {unknown}


   Skills:
 + Level 3.3 Fighting
 * Level 2.5 Long Blades
 + Level 2.9 Armour
 + Level 0.7 Dodging
 + Level 2.9 Shields


You had 2 spell levels left.
You didn't know any spells.
Your spell library was empty.

Dungeon Overview and Level Annotations

Branches:
Dungeon (2/15)

Altars:

Annotations:
D:2 Sigmund


Innate Abilities, Weirdness & Mutations

You regenerate a little health from kills.
Your magical capacity is low. (-10% MP)
You are weak. (Str -2)


Message History

Unknown command.
You closely miss Sigmund. You block Sigmund's attack.
You feel very mighty all of a sudden. Sigmund barely misses you.
You barely miss Sigmund.
Sigmund casts a spell.
Sigmund flickers and vanishes!
Deactivating autopickup; reactivate with Ctrl-A.
You block something's attack.
You barely miss something. Something hits you!
You miss something. Something hits you!
You barely miss something.
You hear some strange, mumbled words.
A puff of flame appears from out of thin air!
The puff of flame hits you but does no damage.
Something hits you.
* * * LOW HITPOINT WARNING * * *
It was a potion of lignification.
You turn into a tree.
Your +0 cloak melds into your body.
Your +0 pair of boots melds into your body.
Your +0 scale mail melds into your body.
Your roots penetrate the ground.
Something hits you but does no damage.
It was a potion of cancellation.
Your magical effects are unravelling.
You feel magically purged.
You feel less wooden.
Your +0 cloak unmelds from your body.
Your +0 pair of boots unmelds from your body.
Your +0 scale mail unmelds from your body.
You feel a little less mighty now.
You hear some strange, mumbled words.
You are confused.
It was a potion of mutation.
You feel extremely strange.
You feel less energetic.
You feel weaker. Something hits you.
* * * LOW HITPOINT WARNING * * *
It was a potion of flight.
You feel very buoyant.
You fly up into the air.
Something hits you!
You die...

#.##.#.# #.##.#.#
#.##.#.#
#......##########
#.<.......$.....#
#.##.##.##......#
#.##.##.##......#
#.##....##......#
#.##.##.##..@...##.#.
#.......##.##{####.#.
####.......# .####..)
####.#### .. .....##
# #.. .....#
.#.##...# ##.....†#
## #.# ####
####$#.###.#.(


There were no monsters in sight!

Vanquished Creatures
  2 ball pythons
  2 endoplasms
  A giant cockroach (D:1)
  6 goblins
  6 hobgoblins
  10 jackals (D:1)
  2 kobolds (D:1)
  2 frilled lizards (D:1)
  3 rats
34 creatures vanquished.

Notes
Turn   | Place    | Note
-------+----------+-------------------------------------------
     0 | D:1      | Sin92 the Demonspawn Fighter began the quest for the Orb.
     0 | D:1      | Reached XP level 1. HP: 18/18 MP: 1/1
   375 | D:1      | Gained mutation: You regenerate a little health from kills.
                  | [demonic ancestry]
   375 | D:1      | Reached XP level 2. HP: 16/24 MP: 2/2
   934 | D:1      | Reached XP level 3. HP: 29/29 MP: 3/3
  1057 | D:1      | You fall into a shaft and drop 1 floor!
  1440 | D:2      | Noticed Sigmund
  1453 | D:2      | Gained mutation: Your magical capacity is low. (-10% MP)
                  | [potion of mutation]
  1453 | D:2      | Gained mutation: You are weak. (Str -2) [potion of
                  | mutation]
  1454 | D:2      | Mangled by Sigmund

Illustrated notes

Levels and vault maps discovered:
D:1:      amcnicky_arrival_gap_in_the_tavern_cellar, layout_basic,
          minmay_misc_feat_roman
D:2:      layout_loops_cross, skrybe_limestone_x,
          chequers_serial_rivers_micro_a, corexii_shack, uniq_robin,
          uniq_sigmund

Skill      XL: |  1 |
---------------+----+-----
Long Blades    | 2 |  2.5
Fighting       | |  3.3
Armour         | |  2.9
Dodging        | |  0.7
Shields        | |  2.9

Action                   || total
-------------------------++-------
Melee: Long sword        ||   113
  Use: Scroll            ||     1
       Potion            ||     5
Armor: Scale mail        ||    64
       Skin              ||     1
Dodge: Dodged            ||    45
Block: Kite shield       ||    64
       Rpst.: Long sword ||    12

Table legend: (Time is in decaauts)
 A = Elapsed time spent in this place.
 B = Non-inter-level travel time spent in this place.
 C = Inter-level travel time spent in this place.
 D = Time resting spent in this place.
 E = Time spent auto-exploring this place.
 F = Levels seen in this place.
 G = Mean time per level.
                   A        B        C        D        E       F      G
               +--------+--------+--------+--------+--------+-----+--------+
         Total |   1515 |   1494 |     21 |    286 |    774 |   2 |  757.5 |
       Dungeon |   1515 |   1494 |     21 |    286 |    774 |   2 |  757.5 |
               +--------+--------+--------+--------+--------+-----+--------+

Top non-repeatable levels by time:
     D:1: 1221 daAuts
     D:2: 294 daAuts
